 Dungeon Crawl Stone Soup version 0.27-a0-242-ge0fc76b88b (webtiles) character file.

Game seed: 4799362205482855365

3467 psychodelta the Cleaver (level 9, -9/80 HPs)
             Began as a Minotaur Fighter on Feb 2, 2021.
             Was an Initiate of Gozag.
             Mangled by an orc warrior
             ... wielding a +0 dire flail
              (21 damage)
             ... on level 6 of the Dungeon.
             The game lasted 00:16:57 (7436 turns).

psychodelta the Cleaver (Minotaur Fighter)          Turns: 7436, Time: 00:16:58

Health: -9/80      AC: 12    Str: 24    XL:     9   Next: 78%
Magic:  8/8        EV: 11    Int:  5    God:    Gozag
Gold:   314        SH: 11    Dex: 10    Spells: 8/8 levels left

rFire    . . .     SeeInvis +   a - +0 war axe
rCold    . . .     Faith    .   c - +0 kite shield
rNeg     + . .     Spirit   .   K - +0 swamp dragon scales
rPois    +         Reflect  .   (helmet restricted)
rElec    .         Harm     .   g - +0 cloak
rCorr    .         Rampage  .   v - +0 pair of gloves
Will     .....                  (no boots)
Stlth    ..........             (no amulet)
HPRegen  0.23/turn              n - ring of positive energy
MPRegen  0.11/turn              E - ring of see invisible

@: gold aura
A: retaliatory headbutt, horns 2
a: Renounce Religion, Potion Petition, Call Merchant, Bribe Branch


You were on level 6 of the Dungeon.
You worshipped Gozag.
Gozag was aware of your devotion.
You visited 2 branches of the dungeon, and saw 8 of its levels.
You also visited: Sewer.

You collected 648 gold pieces.
You spent 265 gold pieces at shops.
You paid 69 gold pieces to Gozag.

Inventory:

Hand Weapons
 a - a +0 war axe (weapon)
 D - a +1 whip of electrocution
Missiles
 G - a throwing net (quivered)
Armour
 c - a +0 kite shield (worn)
 g - a +0 cloak (worn)
 v - a +0 pair of gloves (worn)
 K - +0 swamp dragon scales (worn)
Jewellery
 l - an uncursed amulet of the acrobat
 n - a ring of positive energy (left hand)
 E - a ring of see invisible (right hand)
 F - an uncursed ring of positive energy
Wands
 d - a wand of iceblast (7)
 A - a wand of random effects (12)
Scrolls
 e - 2 scrolls of noise
 h - a scroll of fear
 j - a scroll of blinking
 k - 3 scrolls of teleportation
 m - a scroll of magic mapping
 q - a scroll of remove curse
 r - a scroll of immolation {unknown}
 t - a scroll of identify
 w - 3 scrolls of amnesia
 x - 2 scrolls of enchant armour {unknown}
 z - a scroll of fog
 I - a scroll of torment {unknown}
Potions
 f - 7 potions of flight
 i - 3 potions of brilliance
 o - a potion of invisibility
 p - 6 potions of curing
 s - 2 potions of resistance
 u - 3 potions of ambrosia
 B - a potion of lignification {unknown}
 C - a potion of mutation {unknown}
 H - 3 potions of heal wounds
 J - a potion of might


   Skills:
 + Level 7.7 Fighting
 * Level 9.5 Axes
 + Level 2.2 Throwing
 + Level 7.7 Armour
 + Level 5.3 Dodging
 + Level 7.8 Shields
 + Level 2.1 Evocations


You had 8 spell levels left.
You didn't know any spells.
Your spell library was empty.

Dungeon Overview and Level Annotations

Branches:
Dungeon (7/15)             Temple (1/1) D:4           Sewer (visited)

Altars:
Ashenzari
Cheibriados
Dithmenos
Elyvilon
Fedhas
Gozag
Hepliaklqana
Kikubaaqudgha
Nemelex Xobeh
Qazlal
Uskayaw
Vehumet
Wu Jian
Xom
Yredelemnul
Zin
The Shining One

Shops:
D:6 =??[


Innate Abilities, Weirdness & Mutations

You reflexively headbutt those who attack you in melee.
You have a pair of horns on your head.


Message History

The orc warrior is moderately wounded.
The orc warrior misses you.
You closely miss the orc warrior. You headbutt the orc warrior.
The orc warrior is severely wounded.
The orc warrior hits you with a +0 dire flail!
You closely miss the orc warrior. You headbutt the orc warrior.
The orc warrior is severely wounded.
You block the orc warrior's attack.
You hit the orc warrior but do no damage.
The orc warrior is severely wounded.
The orc warrior barely misses you.
You hit the orc warrior but do no damage.
The orc warrior is severely wounded.
The orc warrior hits you with a +0 dire flail!!
* * * LOW HITPOINT WARNING * * *
You closely miss the orc warrior. You headbutt the orc warrior!
The orc warrior is almost dead.
The orc warrior hits you with a +0 dire flail!!
You die...
Your body crumbles into a pile of gold.

.........<...##
..............##
...............#
.####..........# ##
#..........# #
#........#######
#####.......##.....##
...###......#...[...##
##..#...........@[...#
###..........⌠...o.⌠.#
.....................#
####...........⌠.⌠...#
# #.................#
##........⌠.....⌠.#
#.#.........<....#
#..######.......##
####.#######.....##


You could see an orc warrior.

Vanquished Creatures
  Pikel (D:4)
  Maggie (D:6)
  Sigmund (D:3)
  The ghost of bmj180 the Conjurer, an amateur DrCj (D:4)
  Edmund (D:4)
  2 orc warriors (D:6)
  An ice beast (D:5)
  3 sky beasts
  2 centaurs
  4 phantoms
  A lemure (D:4)
  4 bullfrogs
  A big kobold (Sewer)
  A scorpion (D:4)
  A howler monkey (D:4)
  A bullfrog zombie (D:7)
  A centaur zombie (D:5)
  A hound (D:5)
  4 orc priests
  2 bullfrog skeletons
  Terence (D:3)
  5 iguanas
  6 orc wizards
  3 worker ants
  A hound skeleton (D:4)
  A worker ant zombie (D:6)
  3 gnolls (D:2)
  10 adders
  2 white imps
  An ooze (D:3)
  2 adder zombies (D:6)
  4 worms
  2 dart slugs (D:2)
  6 leopard geckos
  21 orcs
  4 ball pythons
  9 bats
  8 giant cockroaches
  5 hobgoblins
  6 jackals
  17 kobolds
  5 quokkas
  3 frilled lizards
  7 goblins
  A jackal skeleton (D:4)
  9 rats
  A spectral orc (D:4)
177 creatures vanquished.

Vanquished Creatures (others)
  A plant (Sewer)
1 creature vanquished.

Grand Total: 178 creatures vanquished

Notes
Turn   | Place    | Note
-------+----------+-------------------------------------------
     0 | D:1      | psychodelta the Minotaur Fighter began the quest for the
                  | Orb.
     0 | D:1      | Reached XP level 1. HP: 19/19 MP: 0/0
   150 | D:1      | Reached XP level 2. HP: 27/27 MP: 1/1
   715 | D:2      | Reached skill level 3 in Axes
   715 | D:2      | Reached XP level 3. HP: 22/33 MP: 2/2
   949 | D:2      | Reached XP level 4. HP: 39/40 MP: 3/3
   989 | D:2      | Found an ornate altar of the Wu Jian Council.
  1077 | D:2      | Found a shadowy altar of Dithmenos.
  1301 | D:2      | Found a faded altar of an unknown god.
  1793 | D:3      | Reached XP level 5. HP: 47/47 MP: 4/4
  1874 | D:3      | Noticed Sigmund
  1880 | D:3      | Killed Sigmund
  1881 | D:3      | Reached skill level 5 in Fighting
  1881 | D:3      | Reached skill level 4 in Axes
  1881 | D:3      | Reached skill level 5 in Armour
  1881 | D:3      | Reached skill level 1 in Dodging
  1881 | D:3      | Reached skill level 5 in Shields
  1881 | D:3      | Reached XP level 6. HP: 48/56 MP: 5/5
  2255 | D:3      | Noticed Terence
  2306 | D:3      | Killed Terence
  2478 | D:3      | Reached skill level 5 in Axes
  2916 | D:4      | Noticed Edmund
  3038 | D:4      | Reached XP level 7. HP: 38/61 MP: 6/6
  3408 | D:5      | Entered Level 5 of the Dungeon
  3664 | D:5      | Reached skill level 6 in Axes
  3871 | D:5      | Reached XP level 8. HP: 70/70 MP: 7/7
  4583 | D:4      | Reached skill level 7 in Axes
  4707 | D:4      | Found a staircase to the Ecumenical Temple.
  4734 | D:4      | Noticed Pikel
  4754 | Temple   | Entered the Ecumenical Temple
  4774 | Temple   | Became a worshipper of Gozag Ym Sagoz the Greedy
  4802 | D:4      | Killed Pikel
  5030 | D:4      | Found a basalt altar of Yredelemnul.
  5077 | D:4      | Killed Edmund
  5078 | D:4      | Reached skill level 8 in Axes
  5206 | D:4      | Found the +3 robe of Folly {Archmagi, Will-- Int+5}
  5291 | D:4      | Found a large runed translucent door.
  5291 | D:4      | Found a large runed translucent door.
  5293 | D:4      | Noticed bmj180's ghost (amateur DrCj)
  5302 | D:4      | Killed bmj180's ghost
  5303 | D:4      | Reached XP level 9. HP: 77/79 MP: 8/8
  5463 | D:6      | Found a snail-covered altar of Cheibriados.
  5465 | D:6      | Found a white marble altar of Elyvilon.
  5484 | D:6      | Found Tyeni's Jewellery Shoppe.
  5484 | D:6      | Found Ikevauxt's Magic Scroll Shoppe.
  5507 | D:6      | Found a hazy altar of Hepliaklqana.
  5517 | D:6      | Found an ancient bone altar of Kikubaaqudgha.
  5592 | D:6      | Reached skill level 1 in Throwing
  5592 | D:6      | Reached skill level 1 in Evocations
  5592 | D:6      | Found Peoli's Armour Shoppe.
  5592 | D:6      | Found Umam's Magic Scroll Shoppe.
  5668 | D:6      | Found a glowing drain.
  5672 | Sewer    | Entered a sewer
  6005 | D:6      | Found a sparkling altar of Nemelex Xobeh.
  6111 | D:6      | Found a hide-covered altar of Uskayaw.
  6112 | D:6      | Noticed a +0 hand axe
  6113 | D:6      | Noticed a +0 hand axe
  6165 | D:6      | Noticed Maggie
  6189 | D:6      | Killed Maggie
  6190 | D:6      | Reached skill level 9 in Axes
  6190 | D:6      | Reached skill level 5 in Dodging
  6931 | D:6      | Found a glowing golden altar of the Shining One.
  7039 | D:6      | Bought a scroll of blinking for 105 gold pieces
  7039 | D:6      | Bought a scroll of identify for 28 gold pieces
  7039 | D:6      | Bought a scroll of identify for 28 gold pieces
  7039 | D:6      | Bought a scroll of identify for 28 gold pieces
  7039 | D:6      | Bought a scroll of identify for 28 gold pieces
  7055 | D:6      | Bought a scroll of identify for 24 gold pieces
  7055 | D:6      | Bought a scroll of fog for 24 gold pieces
  7436 | D:6      | Mangled by an orc warrior

Illustrated notes

Levels and vault maps discovered:
D:1:      amcnicky_arrival_double_pillar, layout_basic
D:2:      layout_rooms, nzn_wu_jian_contemplation, lemuel_crystal_altar,
          chequers_ecumenical_altar_lobes, serial_glass, glass_columns_a,
          glass_columns_b, due_unseen_surprise
D:3:      layout_basic, uniq_sigmund, uniq_terence
D:4:      minmay_door_path, layout_basic, yredelemnul_forgotten_temple_becter,
          minmay_temple_entry_grid, ebering_ghost_disaster_area, uniq_pikel,
          uniq_edmund
D:5:      layout_gridville
D:6:      layout_rooms, dancing_weapons_uskayaw, grunt_temple_overflow_open,
          basic_altar, gup_sewer_entry_bowl, grunt_ministairs_10,
          minmay_shop_grid_forest, uniq_maggie
D:7:      layout_rooms, okawaru_metal_pillars_3
Temple:   dshaligram_water_room_temple

Skill      XL: |  1  2  3  4  5  6  7  8  9 |
---------------+----------------------------+-----
Shields        | 4 5 6 7 |  7.8
Fighting       | 4 5 6 7 |  7.7
Axes           | 3 4 5 6 8 9 |  9.5
Armour         | 4 5 6 7 |  7.7
Dodging        | 1 2 3 4 5 |  5.3
Throwing       | 2 |  2.2
Evocations     | 2 |  2.1

Action                   |  1- 3 |  4- 6 |  7- 9 || total
-------------------------+-------+-------+-------++-------
Melee: War axe           |    47 |   120 |   292 ||   459
       Headbutt          |    10 |    18 |    54 ||    82
  Use: Scroll            |       |       |    16 ||    16
       Potion            |       |       |     1 ||     1
Armor: Scale mail        |    21 |    61 |    76 ||   158
       Swamp dragon scal |       |       |    30 ||    30
Dodge: Dodged            |    22 |    46 |   111 ||   179
Block: Kite shield       |    26 |    57 |   154 ||   237

Table legend: (Time is in decaauts)
 A = Elapsed time spent in this place.
 B = Non-inter-level travel time spent in this place.
 C = Inter-level travel time spent in this place.
 D = Time resting spent in this place.
 E = Time spent auto-exploring this place.
 F = Levels seen in this place.
 G = Mean time per level.
                   A        B        C        D        E       F      G
               +--------+--------+--------+--------+--------+-----+--------+
         Total |   7633 |   7145 |    488 |   1372 |   4138 |   9 |  848.1 |
       Dungeon |   7247 |   6759 |    488 |   1372 |   3887 |   7 | 1035.3 |
        Temple |     42 |     42 |      0 |      0 |     14 |   1 |   42.0 |
         Sewer |    343 |    343 |      0 |      0 |    237 |   1 |  343.0 |
               +--------+--------+--------+--------+--------+-----+--------+

Top non-repeatable levels by time:
     D:3: 1624 daAuts
     D:5: 1534 daAuts
     D:4: 1319 daAuts
     D:6: 1258 daAuts
     D:2: 718 daAuts
     D:1: 716 daAuts
   Sewer: 343 daAuts
     D:7: 75 daAuts
  Temple: 42 daAuts
